 Dungeon Crawl Stone Soup version 0.30-b1-2-g02819fbbbe (webtiles) character file.

Game seed: 2523999043793544707

890 hadoken the Chiller (level 8, -3/62 HPs)
             Began as a Naga Ice Elementalist on May 19, 2023.
             Slain by a gnoll sergeant
             ... wielding a +2 trident of freezing
              (9 damage)
             ... on level 5 of the Dungeon.
             The game lasted 00:07:23 (4156 turns).

hadoken the Chiller (Naga Ice Elementalist)         Turns: 4156, Time: 00:07:23

Health: -3/62      AC: 13    Str: 11    XL:     8   Next: 6%
Magic:  5/16       EV:  9    Int: 18    God:
Gold:   165        SH:  0    Dex: 17    Spells: 7/18 levels left

rFire   + . .        m - +5 flail (heavy)
rCold   . . .        (no shield)
rNeg    . . .        y - +2 leather armour {rF+}
rPois   +            (no helmet)
rElec   .            t - +0 cloak
rCorr   .            u - +0 pair of gloves
SInv    +            (no barding)
Will    +....        (no amulet)
Stlth   ++           h - +6 ring of dexterity
HPRegen 0.30/turn    (no ring)
MPRegen 0.15/turn

%: no passive effects
@: ice-armoured, freezing walls, very slow
A: AC +2, large, see invisible, deformed body, poison resistance, slowness 2,
spit poison 1, naga tail 1
a: Spit Poison


You were on level 5 of the Dungeon.
You visited 1 branch of the dungeon, and saw 5 of its levels.

You collected 165 gold pieces.

Inventory:

Hand Weapons
 e - a +0 whip
 i - a +0 dagger
 m - a +5 heavy flail (weapon)
 v - a +0 sling
Armour
 a - a +0 robe
 j - a +0 leather armour
 l - the +6 scale mail of Too Many Cooks {rC+}
   (You found it on level 2 of the Dungeon)

   rC:        It protects you from cold.
 t - a +0 cloak (worn)
 u - a +0 pair of gloves (worn)
 y - a +2 leather armour of fire resistance (worn)
Jewellery
 h - a +6 ring of dexterity (left hand)
Wands
 o - a wand of polymorph (5)
Scrolls
 c - 2 scrolls of amnesia
 d - a scroll of silence {unknown}
 g - a scroll of brand weapon {unknown}
 k - a scroll of teleportation
 p - a scroll of fear {unknown}
 q - 2 scrolls of fog {unknown}
 s - a scroll of identify
Potions
 b - a potion of magic
 f - a potion of curing
 n - a potion of heal wounds
 r - a potion of haste {unknown}
 w - a potion of mutation {unknown}
 x - 2 potions of invisibility {unknown}


   Skills:
 + Level 0.0 Fighting
 - Level 1.5 Dodging
 - Level 3.0 Stealth
 + Level 5.5 Spellcasting
 + Level 3.5 Summonings
 + Level 6.9 Ice Magic


You had 7 spell levels left.
You knew the following spells:

 Your Spells              Type           Power      Damage    Failure   Level
a - Freeze                Ice            100%       1d10      1%          1
b - Frozen Ramparts       Ice            60%        1d10      2%          3
c - Ozocubu's Armour      Ice            30%        N/A       2%          3
d - Summon Ice Beast      Ice/Summ       23%        N/A       19%         4

Your spell library contained the following spells:

 Spells                   Type           Power      Damage    Failure   Level
 Tukima's Dance           Hex            4%         N/A       45%         3
 Passage of Golubria      Tloc           4%         N/A       86%         4
 Yara's Violent Unravell  Hex/Tmut       2%         3d3       99%         5


Dungeon Overview and Level Annotations

Branches:
Dungeon (5/15)
 Temple: D:4-7

Altars:

Shops:
D:4 **


Innate Abilities, Weirdness & Mutations

Your serpentine skin is tough. (AC +2)
You have supernaturally acute eyesight. (SInv)
Armour fits poorly on your strangely shaped body.
Your system is resistant to poisons. (rPois)
You cover ground very slowly.
You can spit poison.
You have a snake-like lower body.


Message History

Confirm with . or Enter, or press ? or * to list all spells.
A film of ice covers your body!
The wall freezes the gnoll sergeant.
The gnoll sergeant barely misses you. The gnoll hits you but does no damage.
Your ice beast hits the gnoll sergeant but does no damage.
Okay, then.
Okay, then.
You barely miss the gnoll.
The wall freezes the gnoll sergeant!
The gnoll sergeant hits you from afar with a +2 trident of freezing.
* * * LOW HITPOINT WARNING * * *
The gnoll sergeant freezes you.
* * * LOW HITPOINT WARNING * * *
The gnoll barely misses you.
The gnoll sergeant blocks your ice beast's attack.
The wall freezes the gnoll sergeant but does no damage.
The gnoll sergeant hits your ice beast with a +2 trident of freezing!
The gnoll hits you but does no damage.
Your ice beast hits the gnoll sergeant but does no damage.
You hit the gnoll.
The gnoll is heavily wounded.
The wall freezes the gnoll sergeant but does no damage.
The gnoll sergeant hits your ice beast with a +2 trident of freezing!
The gnoll closely misses you.
Your ice beast barely misses the gnoll sergeant.
The wall freezes the gnoll sergeant but does no damage.
The gnoll sergeant hits your ice beast with a +2 trident of freezing!
Your ice beast dies!
Your ice beast disappears in a puff of smoke!
The gnoll hits you but does no damage.
You barely miss the gnoll.
The gnoll is heavily wounded.
The wall freezes the gnoll sergeant but does no damage.
The gnoll sergeant hits you from afar with a +2 trident of freezing.
* * * LOW HITPOINT WARNING * * *
The gnoll sergeant freezes you.
* * * LOW HITPOINT WARNING * * *
The gnoll hits you with a +0 club.
* * * LOW HITPOINT WARNING * * *
The wall freezes the gnoll sergeant but does no damage.
The gnoll sergeant hits you from afar with a +2 trident of freezing!
You die...

#.##.# #.##### #.
#.##.# #.##...
...#######.##.#
#.##...
..#.......##.#
#.##...
.........##.#
#.##... .#.
#.......##.###.#####
....#..............#
.......g....########
.....g.@....#
......###+#.# ...<.
#.# #### #.# .^# ###


You could see a gnoll sergeant (reflecting) and a gnoll.

Vanquished Creatures
  Prince Ribbit (D:5)
  Menkaure (D:4)
  Edmund (D:4)
  A black bear (D:4)
  An ogre (D:5)
  A phantom (D:4)
  Crazy Yiuf (D:3)
  Ijyb (D:4)
  An orc wizard (D:4)
  A gnoll (D:5)
  5 adders
  A worm (D:4)
  4 dart slugs
  7 orcs
  8 endoplasms
  5 giant cockroaches
  4 goblins
  8 hobgoblins
  6 jackals
  2 quokkas
  2 ball pythons (D:2)
  3 bats
  5 frilled lizards
  3 kobolds
  3 rats
76 creatures vanquished.

Vanquished Creatures (collateral kills)
  A gnoll (D:5)
1 creature vanquished.

Grand Total: 77 creatures vanquished

Notes
Turn   | Place    | Note
-------+----------+-------------------------------------------
     0 | D:1      | hadoken the Naga Ice Elementalist began the quest for the
                  | Orb.
     0 | D:1      | Reached XP level 1. HP: 15/15 MP: 3/3
   148 | D:1      | You fall into a shaft and drop 1 floor!
   214 | D:1      | Reached XP level 2. HP: 15/22 MP: 1/5
   585 | D:1      | Reached XP level 3. HP: 24/28 MP: 0/6
   796 | D:1      | Learned a level 3 spell: Frozen Ramparts
  1058 | D:2      | Identified the +6 scale mail of Too Many Cooks {rC+}
  1615 | D:2      | Learned a level 3 spell: Ozocubu's Armour
  1737 | D:3      | Reached XP level 4. HP: 36/36 MP: 8/8
  2139 | D:3      | Found a runed translucent door.
  2140 | D:3      | Noticed Crazy Yiuf
  2149 | D:3      | Killed Crazy Yiuf
  2150 | D:3      | Reached skill level 5 in Ice Magic
  2451 | D:4      | Noticed Menkaure
  2460 | D:4      | Killed Menkaure
  2461 | D:4      | Reached XP level 5. HP: 19/42 MP: 7/11
  2461 | D:4      | Reached XP level 6. HP: 23/49 MP: 7/12
  2536 | D:4      | Learned a level 4 spell: Summon Ice Beast
  2754 | D:4      | Noticed a black bear
  2760 | D:4      | Killed a black bear
  2761 | D:4      | Reached skill level 1 in Summonings
  2761 | D:4      | Reached skill level 6 in Ice Magic
  2990 | D:4      | Found Laumpef's Specific Store.
  3011 | D:4      | Found Wyimauv's General Store.
  3012 | D:4      | Noticed Edmund
  3027 | D:4      | Killed Edmund
  3028 | D:4      | Reached XP level 7. HP: 21/55 MP: 2/14
  3360 | D:4      | Noticed Ijyb
  3360 | D:4      | Paralysed by Ijyb for 4 turns
  3381 | D:4      | Paralysed by Ijyb for 3 turns
  3395 | D:4      | Killed Ijyb
  3678 | D:4      | Reached skill level 5 in Spellcasting
  3978 | D:5      | Entered Level 5 of the Dungeon
  4039 | D:5      | Noticed Prince Ribbit
  4048 | D:5      | Killed Prince Ribbit
  4049 | D:5      | Reached XP level 8. HP: 46/62 MP: 9/16
  4156 | D:5      | Slain by a gnoll sergeant

Illustrated notes

Levels and vault maps discovered:
D:1:      lightli_arrival_quake, layout_basic, serial_corexii_hall,
          corexii_hall_statues_x, chequers_hall_statues_y, minivault_23,
          amcnicky_mini_corridor_feature
D:2:      layout_basic
D:3:      layout_rooms, uniq_crazy_yiuf_cottage
D:4:      layout_loops_corners, chequers_serial_rivers_large_a,
          nicolae_specific_store, uniq_menkaure, uniq_edmund, uniq_ijyb
D:5:      layout_basic, vehumet_crystals, uniq_pikel, uniq_prince_ribbit1

Skill      XL: |  1  2  3  4  5  6  7 |
---------------+----------------------+-----
Spellcasting   | 3 4 5 |  5.5
Ice Magic      | 5 6 |  6.9
Summonings     | 2 3 |  3.5
Dodging        | |  1.5
Stealth        | |  3.0

Action                     |  1- 3 |  4- 6 |  7- 9 || total
---------------------------+-------+-------+-------++-------
  Melee: Unarmed           |     8 |       |       ||     8
         Whip              |    14 |    62 |       ||    76
         Dagger            |    41 |     4 |       ||    45
         Flail             |       |       |    34 ||    34
   Fire: Sling             |       |    20 |       ||    20
   Cast: Freeze            |    28 |     6 |       ||    34
         Frozen Ramparts   |     2 |     9 |     7 ||    18
         Ozocubu's Armour  |       |     3 |     2 ||     5
         Summon Ice Beast  |       |       |     2 ||     2
Ability: Spit Poison       |     5 |     1 |       ||     6
  Evoke: Wand              |       |     3 |     1 ||     4
    Use: Scroll            |     2 |     3 |       ||     5
         Potion            |       |     2 |       ||     2
   Stab: Sleeping          |     7 |     2 |       ||     9
         Paralysed         |       |     4 |     1 ||     5
 Armour: Robe              |     6 |       |       ||     6
         Leather armour    |    19 |    37 |    18 ||    74
  Dodge: Dodged            |    57 |    36 |    25 ||   118
